 Dungeon Crawl Stone Soup version 0.15.1-1-gfacfea3 (webtiles) character file.

140200 bwiles81 the Arsonist (level 17, -11/93 HPs)
             Began as a Gargoyle Wizard on Sept 28, 2014.
             Was the Champion of Vehumet.
             Killed from afar by a deep elf annihilator (84 damage)
             ... with a crystal spear
             ... on Level 3 of the Elven Halls on Sept 29, 2014.
             The game lasted 06:50:49 (42633 turns).

bwiles81 the Arsonist (Gargoyle Wizard)            Turns: 42633, Time: 06:50:49

HP -11/93        AC 24     Str 12      XL: 17   Next: 30%
MP   3/32        EV 15     Int 28      God: Vehumet [******]
Gold 1214        SH  4     Dex  9      Spells: 11 memorised,  3 levels left

rFire  + . .     SeeInvis .     X - staff of air
rCold  . . .     Clarity  +     a - +1 robe {rC+}
rNeg   + + .     rCorr    .     D - +0 buckler
rPois  +         rRot     +     j - +0 helmet of Day {Dex+1 Int+3}
rElec  +         Spirit   .     B - +1 cloak
SustAb .         Warding  .     s - +3 pair of gauntlets of War {Slay+5}
rMut   .         Stasis   .     (no boots)
Gourm  .                        m - amulet of clarity
MR     ++...                    E - ring of Impatience {rN+ MR+}
                                A - ring of fire

@: very resistant to hostile enchantments, fairly stealthy
A: able to fly continuously, big wings, negative energy resistance 1,
electricity resistance, unbreathing, petrification resistance, rot immunity, AC
+12
a: Fly, Renounce Religion


You were on level 3 of the Elven Halls.
You worshipped Vehumet.
Vehumet was exalted by your worship.
You were not hungry.

You visited 5 branches of the dungeon, and saw 27 of its levels.
You visited 1 bazaar.
You also visited: Sewer.

You collected 2380 gold pieces.
You spent 1166 gold pieces at shops.

Inventory:

Armour
 a - a +1 robe of cold resistance (worn)
 j - the +0 helmet of Day (worn) {Dex+1 Int+3}
   (You found it on level 4 of the Lair of Beasts)

   It affects your intelligence (+3).
   It affects your dexterity (+1).
 s - the +3 pair of gauntlets of War (worn) {Slay+5}
   (You acquired it on level 1 of the Elven Halls)

   It affects your accuracy and damage with ranged weapons and melee attacks
   (+5).
 B - a +1 cloak (worn)
 D - a +0 buckler (worn)
Magical devices
 c - a wand of enslavement (8)
 k - a wand of enslavement (6)
 r - a wand of disintegration (0) {unknown}
 t - a wand of cold (0)
 w - a wand of confusion (8)
 y - a wand of slowing (16)
 C - a wand of fireball (0)
 L - a wand of draining (6)
 N - a wand of polymorph (0)
 O - a wand of digging (16)
Comestibles
 f - 4 royal jellies
 M - a bread ration
Scrolls
 d - a scroll of recharging
 g - 4 scrolls of remove curse
 h - 2 scrolls of enchant armour
 p - 3 scrolls of teleportation
 q - 7 scrolls of magic mapping
 I - a scroll of blinking
 J - a scroll of vulnerability {unknown}
Jewellery
 l - an uncursed amulet of resist corrosion
 m - an amulet of clarity (around neck)
 v - an uncursed amulet of stasis
 A - a ring of fire (left hand)
 E - the ring of Impatience (right hand) {rN+ MR+}
   (You bought it in a shop in a bazaar)

   [ring of protection from magic]

   It protects you from negative energy.
   It affects your resistance to hostile enchantments.
 F - an uncursed ring of flight
 H - an uncursed amulet of rage {unknown}
 Q - an uncursed amulet of rage {unknown}
 T - a +4 ring of dexterity
Potions
 e - 2 potions of might
 i - a potion of cure mutation
 n - 4 potions of berserk rage
 u - 11 potions of curing
 z - a potion of agility
 G - 4 potions of restore abilities
Books
 b - a book of the Dragon

   Spells                             Type                      Level
   Flight                             Charms/Air                   3
   Cause Fear                         Hexes                        4
   Bolt of Fire                       Conjuration/Fire             6
   Dragon Form                        Transmutation                7
   Dragon's Call                      Summoning                    9
 K - a book of the Sky

   Spells                             Type                      Level
   Flight                             Charms/Air                   3
   Airstrike                          Air                          4
   Silence                            Hexes/Air                    5
   Deflect Missiles                   Charms/Air                   6
   Conjure Ball Lightning             Conjuration/Air              6
   Tornado                            Air                          9
Magical staves
 X - an uncursed staff of air (weapon)
Miscellaneous
 x - a lamp of fire (inert)


   Skills:
 - Level 6.0 Fighting
 + Level 11.0 Staves
 - Level 6.2 Armour
 + Level 10.1 Dodging
 - Level 6.5 Stealth
 + Level 3.3 Shields
 + Level 8.7 Spellcasting
 + Level 10.0 Conjurations
   Level 0.8 Summonings
 - Level 1.0 Translocations
 + Level 12.5 Fire Magic
 + Level 10.8 Air Magic
 - Level 1.0 Poison Magic
 + Level 9.0 Evocations


You had 3 spell levels left.
You knew the following spells:

 Your Spells              Type           Power        Failure   Level  Hunger
a - Magic Dart            Conj           ####         1%          1    None
b - Conjure Flame         Conj/Fire      #######.     1%          3    None
c - Mephitic Cloud        Conj/Pois/Air  ######..     1%          3    None
d - Blink                 Tloc           N/A          6%          2    None
e - Fireball              Conj/Fire      #######...   1%          5    ###....
f - Shock                 Conj/Air       ####         1%          1    None
g - Lightning Bolt        Conj/Air       #######...   1%          5    ###....
h - Repel Missiles        Chrm/Air       ######       1%          2    None
i - Throw Flame           Conj/Fire      ######       1%          2    None
j - Sticky Flame          Conj/Fire      #######.     1%          4    #......
k - Delayed Fireball      Conj/Fire      N/A          13%         7    #######


Dungeon Overview and Level Annotations

Branches:
Dungeon (11/15)            Temple (1/1) D:4             Orc (4/4) D:11
    Elf (3/3) Orc:3          Lair (8/8) D:9           Swamp (0/5) Lair:4
  Snake (0/5) Lair:3        Slime (0/6) Lair:7

Altars:
Ashenzari
Cheibriados
Dithmenos
Elyvilon
Fedhas
Kikubaaqudgha
Makhleb
Nemelex Xobeh
Okawaru
Qazlal
Sif Muna
Trog
Vehumet
Xom
Yredelemnul
Zin
The Shining One
Beogh
Jiyva

Shops:
D:11 :   Orc:2 (   Orc:4 (([*   Elf:1 *   Elf:2 :%!


Innate Abilities, Weirdness & Mutations

You are resistant to torment.
You are immune to poison.
You can fly continuously.
Your stone body is very resilient (AC +12).
Your wings are large and strong.
You resist negative energy.
You are resistant to electric shocks.
You can survive without breathing.
You are immune to petrification.
You are immune to rotting.


Message History

The deep elf sorcerer casts a spell at you.
The bolt of acid hits you!
The acid burns!
Casting: Lightning Bolt
Confirm with . or Enter, or press ? or * to list all spells.
Aiming: Fireball
Press: ? - help, Shift-Dir - straight line, f/p - deep elf annihilator
Aim: a deep elf annihilator, wielding a glowing war axe and wearing a leather armour (severely wounded)
You feel a surge of power!
The fireball explodes!
The fireball engulfs the deep elf sorcerer.
The deep elf sorcerer is almost dead.
The fireball engulfs the deep elf annihilator.
The deep elf annihilator is almost dead.
The deep elf sorcerer mumbles some strange words.
The deep elf sorcerer seems to speed up.
The deep elf sorcerer gestures at you while chanting.
The deep elf annihilator resists with almost no effort.
The deep elf annihilator gestures at you while chanting.
The crystal spear hits you!
Ouch! That really hurt!
You die...

#s.# #### #)##
###..#
#.#####....#
#.a........#
###........#
###e.....#
##e##....#
##ยง#####..#
##@## #'##
#######.## #.#
#.......# #.#
##.....[.# #.#
#...._..## #.#
#..)....# #.#
########.......#
#.#
.......'.(...)##
#.#
########'#...#'##
#.#


You could see a deep elf annihilator and a deep elf sorcerer.

Vanquished Creatures
  A deep elf blademaster (Elf:3)
  Donald (Elf:2)
  A deep elf sorcerer (Elf:3)
  An orc warlord (Orc:4)
  4 deep elf demonologists (Elf:3)
  7 deep elf annihilators (Elf:3)
  5 deep elf death magi
  2 deep elf high priests (Elf:3)
  Fannar (Lair:5)
  Harold (Lair:6)
  3 hydras
  13 death yaks
  3 orc high priests
  Nergalle (Lair:6)
  5 catoblepae
  Erolcha (Orc:1)
  9 deep elf knights
  6 deep elf summoners
  Pikel (D:8)
  A harpy (shapeshifter) (Elf:1)
  A hill giant (D:10)
  5 orc knights
  11 deep elf conjurers
  An oklob plant (Lair:7)
  A sixfirhy (Elf:3)
  2 ugly things (D:11)
  3 orc sorcerers
  7 black mambas
  A griffon (Lair:8)
  Maurice (Orc:2)
  11 elephants
  Joseph (D:9)
  A torpor snail (shapeshifter) (Elf:2)
  14 spiny frogs
  A torpor snail (Lair:5)
  A kobold demonologist (D:11)
  12 komodo dragons
  5 fire drakes
  7 deep elf priests
  Prince Ribbit (D:4)
  8 trolls
  6 blink frogs
  5 basilisks
  15 deep elf magi
  2 wraiths
  Eustachio (D:10)
  2 hungry ghosts
  Grum (D:9)
  2 steam dragons
  4 wargs
  11 deep elf fighters
  2 nagas (Lair:3)
  10 hippogriffs
  44 yaks
  6 swamp worms (Lair:4)
  Menkaure (D:5)
  8 porcupines
  14 wolves
  9 water moccasins
  2 spiders (Elf:3)
  3 slaves (D:8)
  3 sky beasts
  2 phantoms
  6 necrophages
  A black bear (Lair:5)
  12 ogres
  28 orc warriors
  5 centaurs
  An ogre (shapeshifter) (Elf:3)
  A boring beetle (Lair:3)
  18 crocodiles
  Sigmund (D:7)
  Duvessa (D:8)
  A lost soul (Elf:3)
  23 giant frogs
  A gnoll sergeant (D:4)
  A big kobold (D:11)
  Blork the orc (D:5)
  A komodo dragon skeleton (D:11)
  2 scorpions
  2 hippogriff zombies
  A yak zombie (D:9)
  An eye of draining (shapeshifter) (Elf:2)
  A troll skeleton (D:10)
  11 wights
  4 killer bees
  Dowan (D:8)
  A quasit (D:4)
  3 goliath beetles
  9 electric eels
  A giant frog skeleton (D:8)
  9 hounds
  2 jellies
  3 crimson imps
  An elf zombie (D:11)
  Crazy Yiuf (D:5)
  6 gnoll shamans (D:4)
  10 worker ants
  31 orc priests
  24 orc wizards
  Natasha (thrice) (D:5)
  10 iguanas
  An orange rat (Elf:1)
  49 sheep
  An ogre zombie (D:10)
  A mummy (D:10)
  A scorpion zombie (D:8)
  17 adders
  30 gnolls (D:4)
  78 green rats
  2 shadow imps
  4 giant mites
  3 worms
  An electric eel zombie (D:8)
  An adder skeleton (D:4)
  10 giant geckos
  165 orcs
  23 bats
  2 bat skeletons
  12 giant cockroaches
  16 hobgoblins
  23 jackals
  12 quokkas
  2 ball pythons
  10 giant newts
  18 goblins
  A goblin skeleton (D:4)
  A hobgoblin skeleton (D:3)
  A hobgoblin zombie (D:7)
  28 kobolds
  A kobold skeleton (D:4)
  2 orc zombies (D:10)
  11 rats
  2 rat skeletons
  A rat zombie (D:5)
  A crawling corpse (Elf:3)
  4 fungi
1089 creatures vanquished.

Vanquished Creatures (collateral kills)
  3 deep elf sorcerers (Elf:3)
  A deep elf demonologist (Elf:3)
  A deep elf annihilator (Elf:3)
  A deep elf death mage (Elf:3)
  A deep elf knight (Elf:3)
  A yak (Lair:7)
  A wolf (Lair:7)
  3 crawling corpses (Elf:3)
12 creatures vanquished.

Vanquished Creatures (others)
  A death yak (Lair:8)
  3 fire elementals (Elf:3)
  An orc warrior (Orc:4)
  2 lost souls
  An orc (Orc:4)
  5 fungi
  5 plants
18 creatures vanquished.

Grand Total: 1119 creatures vanquished

Notes
Turn   | Place    | Note
--------------------------------------------------------------
     0 | D:1      | bwiles81, the Gargoyle Wizard, began the quest for the Orb.
     0 | D:1      | Reached XP level 1. HP: 10/10 MP: 4/4
   499 | D:1      | Reached XP level 2. HP: 15/15 MP: 4/6
   955 | D:1      | Reached XP level 3. HP: 2/19 MP: 1/8
  2413 | D:2      | Reached XP level 4. HP: 24/24 MP: 3/10
  3039 | D:3      | Reached skill level 4 in Spellcasting
  3158 | D:3      | Found a deep blue altar of Sif Muna.
  3336 | D:3      | Found a sparkling altar of Nemelex Xobeh.
  3459 | D:3      | Reached XP level 5. HP: 28/28 MP: 8/13
  3460 | D:3      | Found a glowing drain.
  3547 | Sewer    | Entered a sewer
  4073 | Sewer    | Reached XP level 6. HP: 24/32 MP: 9/16
  4078 | Sewer    | Reached skill level 5 in Spellcasting
  4156 | D:3      | Learned a level 3 spell: Conjure Flame
  4160 | D:3      | Learned a level 3 spell: Mephitic Cloud
  4285 | D:4      | Found a staircase to the Ecumenical Temple.
  4294 | Temple   | Entered the Ecumenical Temple
  4545 | D:4      | Noticed Prince Ribbit
  5006 | D:4      | Killed Prince Ribbit
  5006 | D:4      | Reached skill level 1 in Fighting
  5006 | D:4      | Reached skill level 1 in Armour
  5006 | D:4      | Reached skill level 5 in Conjurations
  5006 | D:4      | Reached skill level 1 in Fire Magic
  5006 | D:4      | Reached skill level 1 in Air Magic
  5006 | D:4      | Reached skill level 1 in Poison Magic
  5006 | D:4      | Reached XP level 7. HP: 22/38 MP: 5/18
  6014 | D:4      | Reached XP level 8. HP: 44/44 MP: 13/20
  8315 | D:5      | Entered Level 5 of the Dungeon
  8451 | D:5      | Reached skill level 6 in Conjurations
  8762 | D:5      | Learned a level 2 spell: Blink
  8826 | D:5      | Noticed Crazy Yiuf
  8841 | D:5      | Killed Crazy Yiuf
  8841 | D:5      | Reached XP level 9. HP: 51/51 MP: 11/22
  9017 | D:5      | Noticed Menkaure
  9049 | D:5      | Killed Menkaure
  9381 | D:5      | Reached skill level 1 in Translocations
  9640 | D:5      | Learned a level 5 spell: Fireball
  9688 | D:5      | Noticed Blork the orc
  9704 | D:5      | Killed Blork the orc
  9878 | D:5      | Noticed Natasha
  9887 | D:5      | Killed Natasha
  9901 | D:5      | Noticed Natasha
  9903 | D:5      | Killed Natasha
  9977 | D:5      | Noticed Natasha
  9978 | D:5      | Killed Natasha
 11021 | D:6      | Got a shimmering robe
 11032 | D:6      | Identified the -3 robe of Birdsong {Str-4 Dex+3 Int+1} (You found it on level 6 of the Dungeon)
 11738 | D:7      | Found a glowing silver altar of Zin.
 12030 | D:7      | Noticed Sigmund
 12049 | D:7      | Killed Sigmund
 12049 | D:7      | Reached skill level 1 in Staves
 12317 | D:7      | Reached skill level 7 in Conjurations
 12615 | D:8      | Reached skill level 5 in Fire Magic
 12772 | D:8      | Reached XP level 10. HP: 44/56 MP: 14/24
 13252 | D:8      | Found a radiant altar of Vehumet.
 13260 | D:8      | Became a worshipper of Vehumet
 13284 | D:8      | Noticed Dowan
 13286 | D:8      | Noticed Duvessa
 13344 | D:8      | Killed Duvessa
 13361 | D:8      | Killed Dowan
 13441 | D:8      | Noticed Pikel
 13761 | D:8      | Killed Pikel
 15180 | D:9      | Found a stormy altar of Qazlal.
 15431 | D:9      | Found a staircase to the Lair.
 15514 | D:9      | Noticed Grum
 15527 | D:9      | Killed Grum
 15527 | D:9      | Reached skill level 5 in Fighting
 15716 | D:9      | Acquired Vehumet's first power
 15716 | D:9      | Offered knowledge of Shock by Vehumet.
 15719 | D:9      | Learned a level 1 spell: Shock
 15937 | D:9      | Noticed Joseph
 15970 | D:9      | Killed Joseph
 15970 | D:9      | Reached skill level 5 in Air Magic
 16527 | Lair:1   | Entered Level 1 of the Lair of Beasts
 16580 | Lair:1   | Reached XP level 11. HP: 52/64 MP: 19/26
 16679 | Lair:1   | Reached skill level 5 in Dodging
 18500 | Lair:2   | Reached skill level 5 in Armour
 18615 | Lair:2   | Offered knowledge of Flame Tongue by Vehumet.
 18716 | Lair:2   | Learned a level 1 spell: Flame Tongue
 18783 | Lair:2   | Learned a level 2 spell: Repel Missiles
 19224 | Lair:3   | Reached skill level 5 in Staves
 19455 | Lair:3   | Found a staircase to the Snake Pit.
 19516 | Lair:3   | Offered knowledge of Throw Flame by Vehumet.
 19521 | Lair:3   | Learned a level 2 spell: Throw Flame
 19740 | Lair:3   | Acquired Vehumet's second power
 20223 | Lair:3   | Offered knowledge of Sticky Flame by Vehumet.
 20237 | Lair:3   | Learned a level 4 spell: Sticky Flame
 20549 | Lair:3   | Reached XP level 12. HP: 70/70 MP: 21/27
 21119 | Lair:4   | Acquired Vehumet's third power
 21154 | Lair:4   | Offered knowledge of Iskenderun's Mystic Blast by Vehumet.
 21168 | Lair:4   | Got an encrusted helmet
 21179 | Lair:4   | Identified the cursed +0 helmet of Day {Dex+1 Int+3} (You found it on level 4 of the Lair of Beasts)
 21348 | Lair:4   | Reached skill level 8 in Fire Magic
 22149 | Lair:4   | Found a staircase to the Swamp.
 22231 | Lair:4   | Reached skill level 1 in Evocations
 22724 | Lair:5   | Noticed a four-headed hydra
 22746 | Lair:5   | Killed a four-headed hydra
 22977 | Lair:5   | Noticed a death yak
 23172 | Lair:4   | Killed a death yak
 23624 | Lair:5   | Noticed Fannar
 23647 | Lair:5   | Killed Fannar
 23647 | Lair:5   | Reached skill level 9 in Fire Magic
 24205 | Lair:2   | Reached XP level 13. HP: 69/74 MP: 10/28
 24661 | Lair:2   | Offered knowledge of Airstrike by Vehumet.
 24702 | Lair:5   | Noticed a six-headed hydra
 24817 | Lair:5   | Killed a six-headed hydra
 25708 | Lair:6   | Noticed Harold
 25737 | Lair:6   | Killed Harold
 25929 | Lair:6   | Noticed Nergalle
 25947 | Lair:6   | Killed Nergalle
 27263 | Lair:7   | Reached skill level 5 in Evocations
 27793 | Lair:7   | Offered knowledge of Ozocubu's Refrigeration by Vehumet.
 27873 | Lair:7   | Found a viscous altar of Jiyva.
 27873 | Lair:7   | Found a staircase to the Slime Pits.
 28954 | Lair:7   | Reached skill level 10 in Fire Magic
 29172 | Lair:8   | Entered Level 8 of the Lair of Beasts
 29634 | Lair:8   | Gained mutation: Your wings are large and strong. [gargoyle growth]
 29634 | Lair:8   | Reached XP level 14. HP: 48/80 MP: 12/29
 30334 | Lair:8   | Reached skill level 5 in Stealth
 30860 | Lair:8   | Identified Qyrchom's Volume of Igneous Confrontation
 31867 | Lair:2   | Learned a level 7 spell: Delayed Fireball
 31922 | D:10     | Entered Level 10 of the Dungeon
 32038 | D:10     | Noticed Eustachio
 32063 | D:10     | Killed Eustachio
 32908 | D:11     | Found a deep blue altar of Sif Muna.
 32922 | D:11     | Found Chaf's Book Shoppe.
 33102 | D:11     | Offered knowledge of Bolt of Magma by Vehumet.
 33198 | D:11     | Found a staircase to the Orcish Mines.
 34296 | Orc:1    | Entered Level 1 of the Orcish Mines
 34341 | Orc:1    | Noticed Erolcha
 34357 | Orc:1    | Killed Erolcha
 34494 | Orc:2    | Noticed Maurice
 34517 | Orc:2    | Reached skill level 10 in Staves
 34520 | Orc:2    | Killed Maurice
 35105 | Orc:4    | Entered Level 4 of the Orcish Mines
 35250 | Orc:4    | Found a roughly hewn altar of Beogh.
 35259 | Orc:4    | Found Shyxt's Assorted Antiques.
 35271 | Orc:4    | Reached XP level 15. HP: 84/84 MP: 12/29
 35277 | Orc:4    | Bought a scroll of identify for 42 gold pieces
 35351 | Orc:4    | Reached skill level 11 in Fire Magic
 35351 | Orc:4    | Reached XP level 16. HP: 88/88 MP: 30/30
 35569 | Orc:4    | Offered knowledge of Lightning Bolt by Vehumet.
 35571 | Orc:4    | Found a roughly hewn altar of Beogh.
 35850 | Orc:4    | Found a roughly hewn altar of Beogh.
 35944 | Orc:4    | Noticed an orc warlord
 35962 | Orc:4    | Reached skill level 10 in Air Magic
 35982 | Orc:4    | Killed an orc warlord
 36043 | Orc:4    | Found Ippun's Antique Weapon Boutique.
 36043 | Orc:4    | Found a roughly hewn altar of Beogh.
 36174 | Orc:4    | Found Mynok's Antique Armour Shop.
 36269 | Orc:4    | Found a roughly hewn altar of Beogh.
 36398 | Orc:4    | Found a roughly hewn altar of Beogh.
 36401 | Orc:4    | Found Gaathaum's Antique Weapon Emporium.
 36514 | Orc:3    | Found a staircase to the Elven Halls.
 36522 | Orc:3    | Learned a level 5 spell: Lightning Bolt
 37404 | Orc:2    | Found Gitirph's Weapon Shoppe.
 37440 | Orc:2    | Offered knowledge of Conjure Ball Lightning by Vehumet.
 37675 | Elf:1    | Entered Level 1 of the Elven Halls
 37713 | Elf:1    | Found Pnasafar's General Store.
 37721 | Elf:1    | Bought a meat ration for 70 gold pieces
 37721 | Elf:1    | Bought a scroll of identify for 28 gold pieces
 37721 | Elf:1    | Bought a meat ration for 70 gold pieces
 37722 | Elf:1    | Identified a scroll of acquirement
 38741 | Elf:2    | Found a flickering gateway to a bazaar.
 38746 | Bazaar   | Entered a bazaar
 38824 | Bazaar   | Found Niplim's Jewellery Shop.
 38826 | Bazaar   | Found Crequz's Assorted Antiques.
 38899 | Bazaar   | Found Pidigon's Distillery.
 38901 | Bazaar   | Found Idebie's Weapon Boutique.
 38907 | Bazaar   | Bought a potion of heal wounds for 21 gold pieces
 38907 | Bazaar   | Bought a potion of cure mutation for 245 gold pieces
 38907 | Bazaar   | Bought 2 potions of curing for 28 gold pieces
 38955 | Bazaar   | Bought the ring of Impatience {rN+ MR+} for 398 gold pieces
 39032 | Elf:2    | Reached skill level 12 in Fire Magic
 39153 | Elf:2    | Noticed Donald
 39169 | Elf:2    | Killed Donald
 39177 | Elf:2    | Found Skucs' Book Shop.
 39207 | Elf:2    | Found a radiant altar of Vehumet.
 39223 | Elf:2    | Found a deep blue altar of Sif Muna.
 39413 | Elf:2    | Found Muil Nanlimp's Distillery.
 39484 | Elf:2    | Found Opiublig's Food Emporium.
 39493 | Elf:2    | Bought a bread ration for 50 gold pieces
 39493 | Elf:2    | Bought a bread ration for 50 gold pieces
 39493 | Elf:2    | Bought a bread ration for 50 gold pieces
 39550 | Elf:2    | Bought a potion of heal wounds for 57 gold pieces
 39550 | Elf:2    | Bought a potion of heal wounds for 57 gold pieces
 39590 | Elf:2    | Found a burning altar of Makhleb.
 40121 | Elf:3    | Entered Level 3 of the Elven Halls
 40818 | Elf:3    | Found a shimmering altar of Xom.
 40857 | Elf:3    | Reached skill level 1 in Shields
 40879 | Elf:3    | Noticed an Executioner
 41074 | Elf:3    | Noticed a deep elf blademaster
 41091 | Elf:3    | Killed a deep elf blademaster
 41526 | Elf:3    | Reached XP level 17. HP: 88/93 MP: 22/32
 41588 | Elf:3    | Reached skill level 10 in Dodging
 41672 | Elf:3    | HP: 3/93 [deep elf high priest/burst of hellfire (31)]
 41677 | Elf:3    | HP: 2/93 [deep elf high priest/divine providence (13)]
 42336 | Elf:3    | Reached skill level 10 in Conjurations
 42633 | Elf:3    | Killed from afar by a deep elf annihilator

Action                   |  1- 3 |  4- 6 |  7- 9 | 10-12 | 13-15 | 16-18 || total
-------------------------+-------+-------+-------+-------+-------+-------++-------
Melee: Unarmed           |    23 |    21 |    99 |       |       |       ||   143
       Lajatang          |       |       |       |   526 |     3 |       ||   529
       Quarterstaff      |       |       |       |    19 |       |       ||    19
       Staff             |       |       |       |    65 |   606 |   321 ||   992
 Cast: Magic Dart        |   105 |   176 |   521 |   202 |     2 |       ||  1006
       Mephitic Cloud    |       |     7 |    73 |   185 |   147 |   142 ||   554
       Conjure Flame     |       |     6 |    47 |    44 |    29 |    24 ||   150
       Fireball          |       |       |     1 |     1 |    14 |    34 ||    50
       Shock             |       |       |       |    20 |       |     1 ||    21
       Blink             |       |       |       |    13 |     5 |     1 ||    19
       Throw Flame       |       |       |       |    72 |    49 |     6 ||   127
       Flame Tongue      |       |       |       |    26 |       |       ||    26
       Sticky Flame      |       |       |       |    28 |   170 |    81 ||   279
       Repel Missiles    |       |       |       |       |     2 |     1 ||     3
       Lightning Bolt    |       |       |       |       |       |    23 ||    23
Evoke: Wand              |       |       |     3 |     4 |    10 |    12 ||    29
       Lamp of fire      |       |       |       |       |     2 |     2 ||     4
  Use: Scroll            |       |     4 |     6 |     9 |    16 |     7 ||    42
       Potion            |       |       |       |     5 |     3 |     7 ||    15
 Stab: Confused          |       |       |       |    61 |    56 |    43 ||   160
       Sleeping          |       |       |       |     1 |     4 |     3 ||     8
  Eat: Bread ration      |     1 |     1 |     3 |     4 |     3 |     2 ||    14
       Fruit             |       |     5 |       |     6 |    12 |       ||    23
       Beef jerky        |       |       |     3 |     1 |     1 |     1 ||     6
       Meat ration       |       |       |     2 |     2 |     5 |     4 ||    13
       Pizza             |       |       |     1 |     2 |     1 |       ||     4
       Royal jelly       |       |       |     1 |       |       |       ||     1
